 Dungeon Crawl Stone Soup version 0.18-a0-921-g28655ce (webtiles) character file.

9 Duffy the Chiller (level 2, 0/19 HPs)
             Began as a Demonspawn Ice Elementalist on Dec 27, 2015.
             Slain by a giant cockroach (1 damage)
             ... on level 2 of the Dungeon.
             The game lasted 00:00:37 (412 turns).

Duffy the Chiller (Demonspawn Ice Elementalist)      Turns: 412, Time: 00:00:37

Health: 0/19       AC:  2    Str:  8    XL:     2   Next: 3%
Magic:  5/5        EV: 12    Int: 16    God:
Gold:   19         SH:  0    Dex: 13    Spells: 1 memorised, 4 levels left

rFire  . . .     SeeInvis .     b - book of Frost
rCold  . . .     Gourm    .     a - +0 robe
rNeg   . . .     Faith    .     (no shield)
rPois  .         Spirit   .     (no helmet)
rElec  .         Dismiss  .     (no cloak)
rCorr  .         Reflect  .     (no gloves)
SustAt .         Harm     .     (no boots)
MR     .....                    (no amulet)
Stlth  ++........               (no ring)
                                (no ring)

@: not resistant to hostile enchantments, unstealthy
A: powered by death 1
a: no special abilities


You were on level 2 of the Dungeon.
You were not hungry.

You visited 1 branch of the dungeon, and saw 2 of its levels.

You collected 19 gold pieces.


Innate Abilities, Weirdness & Mutations

You regenerate a little health from kills.


   Skills:
 - Level 1.7 Dodging
 - Level 1.7 Stealth
 + Level 2.1 Spellcasting
   Level 1.0 Conjurations
 + Level 3.1 Ice Magic


You had 4 spell levels left.
You knew the following spells:

 Your Spells              Type           Power        Failure   Level  Hunger
a - Freeze                Ice            ##..         8%          1    #......

Inventory:

Armour
 a - a +0 robe (worn)
Scrolls
 e - a scroll of teleportation {unknown}
Potions
 d - a potion of heal wounds {unknown}
 f - a potion of curing {unknown}
Books
 b - a book of Frost (in hand)
Comestibles
 c - a bread ration
 g - a slice of pizza

Dungeon Overview and Level Annotations

Branches:
Dungeon (2/15)

Altars:


Message History

The giant cockroach bites you. The giant cockroach barely misses you.
You clumsily bash the giant cockroach but do no damage.
The giant cockroach closely misses you. The giant cockroach bites you.
You closely miss the giant cockroach. The giant cockroach closely misses you.
You closely miss the giant cockroach.
The giant cockroach bites you but does no damage.
The giant cockroach bites you.
You closely miss the giant cockroach. The giant cockroach barely misses you.
The giant cockroach closely misses you.
You closely miss the giant cockroach.
The giant cockroach bites you but does no damage. x2
You clumsily bash the giant cockroach but do no damage.
The giant cockroach bites you but does no damage. x2
You clumsily bash the giant cockroach but do no damage.
The giant cockroach barely misses you.
You closely miss the giant cockroach. The giant cockroach closely misses you.
The giant cockroach bites you but does no damage.
You clumsily bash the giant cockroach but do no damage.
The giant cockroach bites you but does no damage.
The giant cockroach misses you.
You closely miss the giant cockroach. The giant cockroach closely misses you.
The giant cockroach completely misses you.
You closely miss the giant cockroach.
The giant cockroach bites you but does no damage.
The giant cockroach closely misses you.
You closely miss the giant cockroach. The giant cockroach bites you.
You barely miss the giant cockroach. The giant cockroach bites you.
The giant cockroach misses you.
You closely miss the giant cockroach. The giant cockroach misses you.
The giant cockroach completely misses you.
You clumsily bash the giant cockroach but do no damage.
The giant cockroach closely misses you. The giant cockroach bites you.
You closely miss the giant cockroach. The giant cockroach barely misses you.
The giant cockroach bites you.
You die...

##.#
##.#..(...#
##.###.....#
####.##
#.##.#
#...## #..
#)##.# ##.
#.# #.# #
####s####.#
#..@....##..
#.##.##.#
### # #.# #
#.# #.# ...
#.# .#


You could see a giant cockroach.

Action                   || total
-------------------------++-------
 Cast: Freeze            ||    15

Notes
Turn   | Place    | Note
--------------------------------------------------------------
     0 | D:1      | Duffy the Demonspawn Ice Elementalist began the quest for the Orb.
     0 | D:1      | Reached XP level 1. HP: 13/13 MP: 3/3
   281 | D:1      | Reached skill level 3 in Ice Magic
   373 | D:1      | Gained mutation: You regenerate a little health from kills. [demonic ancestry]
   373 | D:1      | Reached XP level 2. HP: 16/19 MP: 0/5
   412 | D:2      | Slain by a giant cockroach

Vault maps used:
D:1:      saegor_arrival_simple_b, serial_bayou_pond_c,
          minmay_misc_feat_secret_circle
D:2:      uniq_crazy_yiuf_cottage

Vanquished Creatures
  A giant gecko
  2 giant cockroaches
  2 giant newts
  A goblin
  A kobold
  2 rats
9 creatures vanquished.
